 Dungeon Crawl Stone Soup version 0.20.1-1-g8b1a95d (console) character file.

296 hilaritas the Shield-Bearer (level 6, -4/47 HPs)
             Began as a Formicid Fighter on Aug 18, 2017.
             Was an Initiate of Zin.
             Slain by an ice beast (5 damage)
             ... while paralysed
             ... on level 6 of the Dungeon.
             The game lasted 00:07:33 (3404 turns).

hilaritas the Shield-Bearer (Formicid Fighter)      Turns: 3404, Time: 00:07:34

Health: -4/47      AC:  6    Str: 19 (22) XL:     6   Next: 61%
Magic:  7/7        EV:  2    Int:  5 (8)  God:    Zin [......]
Gold:   72         SH:  0    Dex:  0 (10) Spells: 5/5 levels left

rFire    . . .     SeeInvis +   a - +0 war axe
rCold    . . .     Gourm    .   c - +0 shield
rNeg     . . .     Faith    .   b - +0 scale mail
rPois    .         Spirit   .   (helmet unavailable)
rElec    .         Reflect  .   (no cloak)
rCorr    .         Harm     .   (no gloves)
MR       .....                  (no boots)
Stlth    ..........             (no amulet)
Regen    0.2/turn               (no ring)
MPRegen  0.1/turn               (no ring)

@: paralysed, slowed, lost dexterity
A: permanent stasis, dig shafts and tunnels, four strong arms, antennae 3
a: Dig, Shaft Self, Donate Gold, Renounce Religion


You were on level 6 of the Dungeon.
You worshipped Zin.
Zin was noncommittal.
You were hungry.

You visited 1 branch of the dungeon, and saw 4 of its levels.

You collected 79 gold pieces.
You donated 7 gold pieces to Zin.

Inventory:

Hand Weapons
 a - a +0 war axe (weapon)
 d - a cursed -2 hand axe
 i - a +0 whip
Missiles
 p - a throwing net (quivered)
Armour
 b - a +0 scale mail (worn)
 c - a +0 shield (worn)
Scrolls
 e - a scroll of enchant armour {unknown}
 g - 2 scrolls of identify {unknown}
 j - 3 scrolls of remove curse {unknown}
 k - a scroll of immolation {unknown}
Potions
 h - a potion of invisibility
Comestibles
 f - 4 bread rations
 l - a royal jelly
 m - a meat ration


   Skills:
 - Level 3.2 Fighting
 * Level 5.3 Axes
 - Level 3.2 Armour
 + Level 5.4 Shields
 * Level 1.4 Invocations


You had 5 spell levels left.
You didn't know any spells.

Dungeon Overview and Level Annotations

Branches:
Dungeon (3/15)

Altars:
Zin


Innate Abilities, Weirdness & Mutations

You cannot be hasted, slowed, berserked, paralysed or teleported.
You can dig through walls and to a lower floor.
Your four strong arms can wield two-handed weapons with a shield.
You have a pair of large antennae on your head. (SInv)


Message History

The ice beast hits you but does no damage.
You closely miss the ice beast.
The ice beast is moderately wounded.
You block the ice beast's attack. The ice beast hits you.
The ice beast freezes you!
* * * LOW HITPOINT WARNING * * *
It was a potion of magic.
Magic courses through your body.
The ice beast hits you but does no damage.
It was a potion of degeneration.
There was something very wrong with that liquid.
You feel weakened.
You feel dopey.
You feel clumsy.
You have lost your dexterity.
The ice beast hits you.
* * * LOW HITPOINT WARNING * * *
The ice beast freezes you! Zin protects you from harm! The ice beast hits you.
* * * LOW HITPOINT WARNING * * *
The ice beast freezes you.
You die...

.# .# .# .#
##.#####
#......##
#.......##
#@####...##
#Y#.Y......
#5#.##.....
#<.........
#.#......##
#.......##
#########


You could see an ice beast and a crimson imp.

Vanquished Creatures
  The ghost of hilaritas the Shield-Bearer, an amateur FoFi (D:3)
  A quasit (D:6)
  Jessica (D:3)
  Terence (D:2)
  7 adders
  A worm (D:2)
  4 dart slugs
  A leopard gecko (D:2)
  3 orcs (D:3)
  4 giant cockroaches
  3 goblins
  8 hobgoblins
  4 jackals (D:2)
  A ball python (D:1)
  5 bats
  2 frilled lizards
  10 kobolds
  3 rats (D:1)
60 creatures vanquished.

Notes
Turn   | Place    | Note
-------+----------+-------------------------------------------
     0 | D:1      | hilaritas the Formicid Fighter began the quest for the Orb.
     0 | D:1      | Reached XP level 1. HP: 18/18 MP: 1/1
    86 | D:1      | Reached XP level 2. HP: 16/24 MP: 2/2
   630 | D:1      | Reached XP level 3. HP: 28/29 MP: 3/3
  1153 | D:2      | Noticed Terence
  1161 | D:2      | Killed Terence
  1161 | D:2      | Reached XP level 4. HP: 33/35 MP: 4/4
  1519 | D:2      | HP: 1/35 [poisoned by an adder]
  1856 | D:2      | Reached XP level 5. HP: 33/41 MP: 5/5
  2213 | D:2      | Found a glowing silver altar of Zin.
  2218 | D:2      | Became a worshipper of Zin the Law-Giver
  2674 | D:3      | Noticed hilaritas's ghost (amateur FoFi)
  2683 | D:3      | Killed hilaritas's ghost
  2683 | D:3      | Reached skill level 5 in Shields
  2683 | D:3      | Reached XP level 6. HP: 30/47 MP: 6/6
  2737 | D:3      | Reached skill level 1 in Invocations
  3088 | D:3      | Reached skill level 5 in Axes
  3230 | D:3      | Noticed Jessica
  3243 | D:3      | Killed Jessica
  3358 | D:3      | Found a faded altar of an unknown god.
  3367 | D:3      | You fall through a shaft for 3 floors!
  3367 | D:6      | Noticed an ice beast
  3403 | D:6      | Lost dexterity.
  3403 | D:6      | HP: 2/47 [ice beast (3)]
  3403 | D:6      | Zin protects you from harm!
  3404 | D:6      | Slain by an ice beast

Skill      XL: |  1  2  3  4  5  6 |
---------------+-------------------+-----
Shields        | 4 5 |  5.4
Axes           | 3 4 5 |  5.3
Invocations    | 1 |  1.4
Fighting       | |  3.2
Armour         | |  3.2

Action                   |  1- 3 |  4- 6 || total
-------------------------+-------+-------++-------
Melee: War axe           |    86 |   203 ||   289
  Use: Potion            |       |     4 ||     4
 Stab: Invisible         |       |     2 ||     2
  Eat: Chunk             |       |     8 ||     8
Armor: Scale mail        |    33 |   103 ||   136
Dodge: Dodged            |    26 |    79 ||   105
Block: Shield            |    52 |   140 ||   192
